 Dungeon Crawl Stone Soup version 0.31-a0-977-gc230f8ef24 (webtiles) character file.

Game seed: 17878630384669913132

720 BinkBink the Shield-Bearer (level 7, -1/70 HPs)
             Began as a Troll Fighter on Oct 29, 2023.
             Slain by an ogre
             ... wielding a +0 giant club
              (26 damage)
             ... on level 5 of the Dungeon.
             The game lasted 00:04:06 (3807 turns).

BinkBink the Shield-Bearer (Troll Fighter)          Turns: 3807, Time: 00:04:06

Health: -1/70      AC:  5    Str: 25    XL:     7   Next: 42%
Magic:  6/6        EV:  9    Int:  4    God:
Gold:   300        SH:  8    Dex: 11    Spells: 6/6 levels left

rFire   . .          .
                       - Unarmed
rCold   . . .        b - +0 kite shield
rNeg    . . .        a - +0 robe
rPois   .            (helmet restricted)
rElec   .            q - +0 cloak
rCorr   .            (gloves unavailable)
SInv    .            (boots unavailable)
Will    .....        (no amulet)
Stlth   +            (no ring)
HPRegen 1.11/turn    (no ring)
MPRegen 0.10/turn

%: no passive effects
@: no status effects
A: large, unfitting armour, claws 3, regeneration 1, shaggy fur 1, tough skin 1
a: no special abilities


You were on level 5 of the Dungeon.
You visited 1 branch of the dungeon, and saw 5 of its levels.

You collected 300 gold pieces.

Inventory:

Armour
 a - a +0 robe (worn)
 b - a +0 kite shield (worn)
 q - a +0 cloak (worn)
Jewellery
 t - a ring of positive energy
Wands
 r - a wand of roots (6)
 s - a wand of digging (7)
Scrolls
 e - a scroll of enchant weapon {unknown}
 f - 2 scrolls of amnesia {unknown}
 h - 4 scrolls of identify {unknown}
 j - 2 scrolls of poison {unknown}
 l - 3 scrolls of immolation {unknown}
 m - 4 scrolls of teleportation {unknown}
 n - a scroll of noise {unknown}
 u - a scroll of enchant armour {unknown}
Potions
 c - 2 potions of might
 d - 3 potions of resistance {unknown}
 g - a potion of berserk rage {unknown}
 i - a potion of invisibility {unknown}
 k - a potion of enlightenment {unknown}
 o - 3 potions of cancellation {unknown}
 p - 3 potions of brilliance {unknown}
 v - a potion of degeneration {unknown}


   Skills:
 + Level 4.2 Fighting
 + Level 4.1 Dodging
 + Level 4.6 Shields
 + Level 4.4 Unarmed Combat


You had 6 spell levels left.
You didn't know any spells.
Your spell library contained the following spells:

 Spells                   Type           Power      Damage    Failure   Level
 Static Discharge         Conj/Air       0%         3-3/arc   86%         2
 Airstrike                Air            0%         2d(0-16)  100%        4
 Summon Lightning Spire   Summ/Air       0%         N/A       100%        4


Dungeon Overview and Level Annotations

Branches:
Dungeon (5/15)
 Temple: D:4-7

Altars:
Uskayaw

Shops:
D:3 *

Annotations:
D:4 1 runed translucent door, Crazy Yiuf


Innate Abilities, Weirdness & Mutations

You are too large for most types of armour.
You have claws for hands.
Your natural rate of healing is unusually fast.
You are covered in fur. (AC +1)
You have tough skin. (AC +1)


Message History

There is an open door here.
As you open the door, it creaks loudly!
There is an open door here.
You open the door.
There is an open door here.
m - 4 scrolls labelled TETAJE HUAL QOINOP (gained 1)
You open the door.
There is an open door here.
You open the door.
There is an open door here.
You open the door.
There is an open door here.
An ogre comes into view. It is wielding a +0 giant club.
The ogre shouts!
An ogre is nearby!
An ogre is nearby!
An ogre is nearby!
Found a dagger.
You block the ogre's attack.
You scratch the ogre but do no damage. You barely miss the ogre.
You block the ogre's attack.
You barely miss the ogre.
The ogre hits you with a +0 giant club!!
You scratch the ogre but do no damage. You scratch the ogre but do no damage.
The ogre hits you with a +0 giant club!!
* * * LOW HITPOINT WARNING * * *
You are too injured to fight recklessly!
You are too injured to fight recklessly!
You scratch the ogre.
The ogre is lightly wounded.
You block the ogre's attack.
You barely miss the ogre.
The ogre is lightly wounded.
You claw the ogre!
The ogre is heavily wounded.
The ogre closely misses you.
You completely miss the ogre.
The ogre is heavily wounded.
The ogre hits you with a +0 giant club!!
You die...

............#
............######....#
##+######...#.........#
... ... #...#.........#
... ....#...#.........+
... ....##+##.........#
......................#
......................#
....####........@O....#
....#..#.....#+###....#
....#..####'## ...#
....#..'....# ....
....#'###...# #..
#.......#...# )
#.......#...#
#.......#...#
#.......#####


You could see an ogre.

Vanquished Creatures
  An ice beast (D:5)
  A black bear (D:3)
  An orc priest (D:4)
  3 hounds (D:3)
  3 iguanas
  Ijyb (D:3)
  4 orc wizards (D:4)
  10 adders
  A worm (D:2)
  2 dart slugs (D:3)
  14 orcs
  11 ball pythons
  3 bats
  10 endoplasms
  A giant cockroach (D:3)
  11 goblins
  2 hobgoblins
  5 jackals
  8 kobolds
  3 quokkas
  4 frilled lizards
  7 rats
106 creatures vanquished.

Notes
Turn   | Place    | Note
-------+----------+-------------------------------------------
     0 | D:1      | BinkBink the Troll Fighter began the quest for the Orb.
     0 | D:1      | Reached XP level 1. HP: 22/22 MP: 0/0
   109 | D:1      | Reached XP level 2. HP: 29/29 MP: 1/1
   636 | D:1      | Reached XP level 3. HP: 36/36 MP: 2/2
   705 | D:1      | Found a faded altar of an unknown god.
  1537 | D:2      | Reached XP level 4. HP: 37/44 MP: 3/3
  1962 | D:3      | Found Qoinaw's Assorted Antiques.
  1984 | D:3      | Reached XP level 5. HP: 51/53 MP: 4/4
  2148 | D:3      | Noticed Ijyb
  2154 | D:3      | Killed Ijyb
  2783 | D:4      | Noticed a black bear
  2819 | D:3      | Killed a black bear
  2820 | D:3      | Reached XP level 6. HP: 55/61 MP: 5/5
  3152 | D:4      | Reached XP level 7. HP: 51/68 MP: 6/6
  3315 | D:4      | Found a runed translucent door.
  3316 | D:4      | Noticed Crazy Yiuf
  3480 | D:5      | Entered Level 5 of the Dungeon
  3623 | D:5      | Found a hide-covered altar of Uskayaw.
  3807 | D:5      | Slain by an ogre

Illustrated notes

Levels and vault maps discovered:
D:1:      dpeg_arrival_rooms_with_view, layout_loops_ring,
          shapermc_ecumenical_altar_mp_vishouse
D:2:      layout_loops_corners, minmay_shallow_snake_nest
D:3:      layout_basic, serial_shops, shop, uniq_ijyb
D:4:      layout_rooms, uniq_crazy_yiuf_cottage
D:5:      layout_gridville, nicolae_uskayaw_suspiria

Skill      XL: |  1  2  3  4  5  6  7 |
---------------+----------------------+-----
Shields        | 3 4 |  4.6
Fighting       | 3 4 |  4.2
Dodging        | 3 4 |  4.1
Unarmed Combat | 3 4 |  4.4

Action                     |  1- 3 |  4- 6 |  7- 9 || total
---------------------------+-------+-------+-------++-------
  Melee: Unarmed           |    96 |   163 |    39 ||   298
   Stab: Sleeping          |       |     2 |       ||     2
 Armour: Robe              |    52 |    84 |     9 ||   145
  Dodge: Dodged            |    21 |    58 |    16 ||    95
  Block: Kite shield       |    29 |    82 |    10 ||   121

Table legend: (Time is in decaauts)
 A = Elapsed time spent in this place.
 B = Non-inter-level travel time spent in this place.
 C = Inter-level travel time spent in this place.
 D = Time resting spent in this place.
 E = Time spent auto-exploring this place.
 F = Levels seen in this place.
 G = Mean time per level.
                   A        B        C        D        E       F      G
               +--------+--------+--------+--------+--------+-----+--------+
         Total |   3825 |   3588 |    237 |    169 |   2759 |   5 |  765.0 |
       Dungeon |   3825 |   3588 |    237 |    169 |   2759 |   5 |  765.0 |
               +--------+--------+--------+--------+--------+-----+--------+

Top non-repeatable levels by time:
     D:2: 1107 daAuts
     D:3: 910 daAuts
     D:1: 811 daAuts
     D:4: 667 daAuts
     D:5: 328 daAuts
